 Dungeon Crawl Stone Soup version 0.23.2 (webtiles) character file.

Game seed: 18384701619072408364

42 Leeroy the Conjurer (level 3, 0/26 HPs)
             Began as a Draconian Conjurer on Apr 13, 2019.
             Slain by a hobgoblin (5 damage)
             ... on level 1 of the Dungeon.
             The game lasted 00:03:36 (1171 turns).

Leeroy the Conjurer (Draconian Conjurer)            Turns: 1171, Time: 00:03:37

Health: 0/26       AC:  5    Str: 10    XL:     3   Next: 33%
Magic:  0/6        EV: 12    Int: 16    God:
Gold:   57         SH:  0    Dex: 11    Spells: 3/6 levels left

rFire    . . .     SeeInvis .   a - +0 dagger
rCold    . . .     Gourm    .   (no shield)
rNeg     . . .     Faith    .   (armour unavailable)
rPois    .         Spirit   .   (helmet restricted)
rElec    .         Reflect  .   (no cloak)
rCorr    .         Harm     .   (no gloves)
MR       .....                  (no boots)
Stlth    ++........             (no amulet)
HPRegen  0.08/turn              (no ring)
MPRegen  0.10/turn              (no ring)

@: no status effects
A: unfitting armour, cold-blooded, AC +5
a: no special abilities


You were on level 1 of the Dungeon.
You were hungry.

You visited 1 branch of the dungeon, and saw 2 of its levels.

You collected 57 gold pieces.

Inventory:

Hand Weapons
 a - a +0 dagger (weapon)
 m - a +0 hand axe
Missiles
 i - 50 stones (quivered)
 l - 23 arrows
Scrolls
 g - 2 scrolls of blinking {unknown}
 h - a scroll of magic mapping {unknown}
 j - a scroll of amnesia {unknown}
 k - 2 scrolls of identify {unknown}
Potions
 c - a potion of invisibility {unknown}
 e - 2 potions of curing {unknown}
 f - a potion of agility {unknown}
Comestibles
 b - a ration
 d - 3 chunks of flesh


   Skills:
 - Level 1.7 Dodging
 - Level 1.7 Stealth
 - Level 2.0 Spellcasting
 + Level 5.2 Conjurations


You had 3 spell levels left.
You knew the following spells:

 Your Spells              Type           Power        Failure   Level  Hunger
a - Magic Dart            Conj           ###.         2%          1    #......
b - Searing Ray           Conj           ###...       3%          2    ###....

Your spell library contained the following spells:

 Spells                   Type           Power        Failure   Level  Hunger
 Dazzling Spray           Conj/Hex       #.....       22%         3    ###....
 Iskenderun's Mystic Bla  Conj           ###.....     24%         4    #####..
 Force Lance              Conj/Tloc      #.......     56%         4    #####..
 Fulminant Prism          Conj/Hex       #.........   56%         4    #####..


Dungeon Overview and Level Annotations

Branches:
Dungeon (2/15)

Altars:


Innate Abilities, Weirdness & Mutations

Your plain brown scales are hard. (AC +5)
You cannot fit into any form of body armour.
You are cold-blooded and may be slowed by cold attacks.


Message History

Casting: Searing Ray (safe; 3% risk of failure)
Confirm with . or Enter, or press ? or * to list all spells.
Aiming: Searing Ray (safe; 3% risk of failure)
Press: ? - help, Shift-Dir - straight line, f - hobgoblin
Aim: a hobgoblin, wearing a +0 chain mail The searing ray hits the hobgoblin but does no damage. (Press . to maintain the ray.)
The searing ray hits the hobgoblin.
The hobgoblin is lightly wounded.
The hobgoblin hits you.
* * * LOW HITPOINT WARNING * * *
The searing ray hits the hobgoblin but does no damage.
The hobgoblin is lightly wounded.
The hobgoblin barely misses you.
The searing ray misses the hobgoblin.
You finish channeling your searing ray.
The hobgoblin barely misses you.
You hit the hobgoblin but do no damage.
The hobgoblin is lightly wounded.
The hobgoblin hits you.
You die...

################
...............#
####.###.#####.# # #.# #.# #.# #
#.###.## #.########### #
##.##...####...........# #
#.....#......g@^.......#######
###..##...#############........#
.##..###.## #.######.#
#....##...##### #.# #.#
..............# #.# #.#
####.##...###.# ##.# #.# #
#)###.## #.# #..# #.#
####..##.####.# #.## #.#
............#.# #.# #.#


You could see a hobgoblin.

Vanquished Creatures
  An adder (D:2)
  A dart slug (D:2)
  A leopard gecko (D:1)
  3 bats
  2 giant cockroaches
  4 hobgoblins (D:1)
  3 goblins (D:1)
  8 kobolds
  4 rats (D:1)
27 creatures vanquished.

Vanquished Creatures (others)
  A plant (D:1)
1 creature vanquished.

Grand Total: 28 creatures vanquished

Notes
Turn   | Place    | Note
-------+----------+-------------------------------------------
     0 | D:1      | Leeroy the Draconian Conjurer began the quest for the Orb.
     0 | D:1      | Reached XP level 1. HP: 14/14 MP: 3/3
    13 | D:1      | Noticed an electric eel
   377 | D:1      | Reached XP level 2. HP: 20/20 MP: 5/5
   561 | D:1      | Learned a level 2 spell: Searing Ray
   984 | D:2      | Reached skill level 5 in Conjurations
   987 | D:2      | Reached XP level 3. HP: 22/26 MP: 2/6
  1171 | D:1      | Slain by a hobgoblin

Skill      XL: |  1  2 |
---------------+-------+-----
Conjurations   | 5 |  5.2
Dodging        | |  1.7
Stealth        | |  1.7
Spellcasting   | |  2.0

Action                   || total
-------------------------++-------
Melee: Dagger            ||   133
       Tailslap          ||    14
 Cast: Magic Dart        ||    13
       Searing Ray       ||     6
 Stab: Sleeping          ||     1
  Eat: Chunk             ||     1
Armor: Skin              ||    38
Dodge: Dodged            ||   100
